 Dungeon Crawl Stone Soup version 0.27.1-1-g398f81649c (webtiles) character file.

Game seed: 14298428740182762248

203 Amplified the Skirmisher (level 5, 0/44 HPs)
             Began as a Palentonga Abyssal Knight on Sept 6, 2021.
             Was a Believer of Lugonu.
             Slain by a phantom (4 damage)
             ... on level 4 of the Dungeon.
             The game lasted 00:04:12 (4539 turns).

Amplified the Skirmisher (PaAK)                     Turns: 4539, Time: 00:04:12

Health: 0/44       AC:  7    Str: 14 (15) XL:     5   Next: 51%
Magic:  6/6        EV:  9    Int: 12      God:    Lugonu [**....]
Gold:   118        SH:  0    Dex: 11      Spells: 4/4 levels left

rFire    . . .     SeeInvis +   k - +0 war axe
rCold    . . .     Faith    .   (no shield)
rNeg     . . .     Spirit   .   b - +0 leather armour
rPois    .         Reflect  .   d - +0 helmet
rElec    .         Harm     .   g - +0 cloak
rCorr    .         Rampage  .   (no gloves)
Will     +....                  (no barding)
Stlth    +.........             (no amulet)
HPRegen  0.14/turn              (no ring)
MPRegen  0.10/turn              (no ring)

@: mighty, unable to read
A: large, rugged brown scales 3, see invisible, deformed body, roll 1, armoured
tail, low mp 1, strong-willed 1, inability to read while threatened
a: Rolling Charge, Renounce Religion, Depart the Abyss, Bend Space


You were on level 4 of the Dungeon.
You worshipped Lugonu.
Lugonu was pleased with you.
You visited 1 branch of the dungeon, and saw 4 of its levels.
You visited the Abyss 1 time.

You collected 118 gold pieces.

Inventory:

Hand Weapons
 k - a +0 war axe (weapon)
Missiles
 c - 14 poisoned darts
Armour
 b - a +0 leather armour (worn)
 d - a +0 helmet (worn)
 g - a +0 cloak (worn)
Jewellery
 h - a ring of see invisible
Wands
 i - a wand of charming (7)
Scrolls
 e - a scroll of fear
 f - a scroll of blinking
 j - 3 scrolls of teleportation {unknown}
 l - a scroll of acquirement {unknown}


   Skills:
 * Level 4.2 Fighting
 * Level 3.5 Axes
 + Level 2.2 Armour
 + Level 1.6 Dodging
 + Level 2.9 Invocations


You had 4 spell levels left.
You didn't know any spells.
Your spell library contained the following spells:

 Spells                   Type           Power      Damage    Failure   Level
 Animate Skeleton         Necr           0%         N/A       38%         1
 Pain                     Necr           0%         1d4       38%         1
 Vampiric Draining        Necr           0%         2d6       77%         3


Dungeon Overview and Level Annotations

Branches:
Dungeon (4/15)
 Temple: D:4-7

Altars:
Makhleb
Sif Muna


Innate Abilities, Weirdness & Mutations

You are completely covered in rugged brown scales. (AC +3, +7% HP)
You have supernaturally acute eyesight. (SInv)
Armour fits poorly on your strangely shaped body.
You can roll at nearby foes to attack.
You have a long armoured tail.
Your magical capacity is low. (-10% MP)
You are strong-willed. (Will+)
You sometimes lose the ability to read scrolls when taking damage.


Message History

You blink.
You hit the phantom.
The phantom is lightly damaged.
The phantom hits you!
The phantom blinks!
You blink.
The phantom hits you.
You are too injured to fight recklessly!
Okay, then.
Okay, then.
Aiming: Charm
Press: ? - help, Shift-Dir - straight line, f - phantom
Aim: a phantom (lightly damaged, chance to affect: 28%)
The phantom easily resists.
The phantom hits you.
The phantom blinks!
You blink.
Unknown command.
Aiming: Charm
Press: ? - help, Shift-Dir - straight line, f/p - phantom
Aim: a phantom (lightly damaged, chance to affect: 28%)
The phantom easily resists.
The phantom hits you.
You feel threatened and lose the ability to read scrolls!
* * * LOW HITPOINT WARNING * * *
The phantom blinks!
You blink.
It was a potion of might.
You feel very mighty all of a sudden.
The phantom hits you but does no damage.
Unknown command.
You slice the phantom!!
The phantom is almost destroyed.
You can read scrolls again.
The phantom hits you!
You feel threatened and lose the ability to read scrolls!
* * * LOW HITPOINT WARNING * * *
Okay, then.
You completely miss the phantom.
Your tail-slap misses the phantom.
The phantom is almost destroyed.
The phantom closely misses you.
Unknown command.
Unknown command.
You closely miss the phantom.
The phantom is almost destroyed.
The phantom closely misses you. The phantom hits you.
You die...

.## . ..## .# ...#
##> ...## ##.##
....####### #...#
..........#####...#
.....####..†......#
.....## #####.....#
......# ##...W@.#
....### #.......#
##### ##.......#
#........#
#........##
##.)......#
#........#
##.....#..#
#####.##.#


You could see a phantom.

Vanquished Creatures
  A hound (D:4)
  An iguana (D:3)
  3 adders
  4 gnolls
  2 worms (D:3)
  3 dart slugs (D:2)
  An orc (D:3)
  6 ball pythons
  5 bats
  2 endoplasms (D:2)
  A giant cockroach (D:3)
  11 goblins
  7 hobgoblins
  6 jackals
  6 kobolds
  4 quokkas
  5 frilled lizards
  3 rats
71 creatures vanquished.

Notes
Turn   | Place    | Note
-------+----------+-------------------------------------------
     0 | Abyss:1  | Amplified the Palentonga Abyssal Knight began the quest for
                  | the Orb.
     0 | Abyss:1  | Reached XP level 1. HP: 19/19 MP: 2/2
     4 | Abyss:1  | Found a corrupted altar of Lugonu.
    86 | Abyss:1  | Found a corrupted altar of Lugonu.
   145 | Abyss:1  | Noticed a small abomination
   162 | D:1      | Escaped the Abyss
   644 | D:1      | Reached * piety under Lugonu
   740 | D:1      | Reached skill level 1 in Dodging
   740 | D:1      | Reached XP level 2. HP: 24/25 MP: 3/3
  1615 | D:2      | Reached XP level 3. HP: 28/31 MP: 4/4
  1698 | D:2      | Found a burning altar of Makhleb.
  1913 | D:2      | Gained mutation: Your magical capacity is low. (-10% MP)
                  | [potion of mutation]
  1913 | D:2      | Gained mutation: You sometimes lose the ability to read
                  | scrolls when taking damage. [potion of mutation]
  1913 | D:2      | Gained mutation: You are strong-willed. (Will+) [potion of
                  | mutation]
  2481 | D:2      | Reached XP level 4. HP: 31/39 MP: 5/5
  2861 | D:3      | Found a shimmering blue altar of Sif Muna.
  2867 | D:3      | Reached ** piety under Lugonu
  3402 | D:3      | Noticed Terence
  3629 | D:3      | Found a faded altar of an unknown god.
  3747 | D:2      | Reached skill level 4 in Fighting
  3747 | D:2      | Reached XP level 5. HP: 16/44 MP: 6/6
  4522 | D:4      | Noticed a phantom
  4539 | D:4      | Slain by a phantom

Illustrated notes

Levels and vault maps discovered:
D:1:      nzn_arrival_crosshair, layout_basic
D:2:      minmay_chambers_of_ones, layout_basic, basic_altar
D:3:      layout_loops_cross, general_overflow_altar,
          ebering_ecumenical_altar_hall, uniq_terence
D:4:      layout_cave_pods, chequers_serial_rivers_small_a, uniq_robin

Skill      XL: |  1  2  3  4 |
---------------+-------------+-----
Dodging        | 1 |  1.6
Axes           | 3 |  3.5
Armour         | 2 |  2.2
Fighting       | 4 |  4.2
Invocations    | |  2.9

Action                   |  1- 3 |  4- 6 || total
-------------------------+-------+-------++-------
Melee: Hand axe          |   137 |    73 ||   210
       Tailslap          |    10 |    11 ||    21
       War axe           |       |    33 ||    33
Invok: Depart the Abyss  |     1 |       ||     1
 Abil: Rolling Charge    |    12 |    10 ||    22
Evoke: Wand              |       |     2 ||     2
  Use: Potion            |     5 |     1 ||     6
       Scroll            |     3 |     2 ||     5
 Stab: Sleeping          |       |     1 ||     1
Armor: Leather armour    |    58 |    46 ||   104
       Skin              |     1 |       ||     1
Dodge: Dodged            |    59 |    47 ||   106
